AoeStats
← Warrior

Arena

510284565Analyzed
4v4 RM · 22h ago on Sep 30, 2026· 47m 52s· 8 players
Game mode
Random Map
Map size
Large (8 player)
Population
200
Speed
Normal
Resources
Standard
Victory
Conquest
Starting age
Dark Age
Ending age
Imperial Age
RankedLock teamsTeams togetherTeam positionsShared explorationLock speedFull tech treeHidden civsTurbo modeCheats
Victory
Defeat
🇨🇳 Malay · China
1358
+15
🇨🇳 Italians · China
1218
+21
🇬🇧 Bulgarians · United Kingdom
1215
+21
🇦🇿 Varangians · Azerbaijan
1171
+23
🇮🇹 Vikings · Italy
1340
-20
🇷🇺 Saracens · Russia
1337
-20
🇨🇳 Japanese · China
1331
-20
🇪🇸 Vietnamese · Spain
1318
-20
Holyseeker
0:30 Loom
10:53 Feudal Age
17:31 Castle Age
19:41 Horse Collar
20:06 Double-Bit Axe
21:04 Fletching
22:35 Scale Mail Armor
23:15 Heavy Plow
25:41 Bow Saw
27:03 Bodkin Arrow
28:01 Town Watch
28:50 Gold Mining
28:51 Stone Mining
30:54 Forging
33:24 Imperial Age
32:28 Iron Casting
31:55 Padded Archer Armor
32:35 Gold Shaft Mining
31:55 Arson
34:59 Bracer
37:00 Chemistry
38:19 Blast Furnace
37:35 Chain Mail Armor
37:16 Elite Varangian Guard
37:25 Onager
39:20 Ballistics
40:52 Pikeman
41:33 Squires
42:48 Siege Engineers
42:47 Squires
43:22 Plate Mail Armor
45:24 Crossbowman
46:50 Padded Archer Armor
47:16 Conscription
46:32 Arbalester
pataka
10:35 Feudal Age
15:13 Castle Age
13:09 Double-Bit Axe
13:21 Horse Collar
18:09 Loom
20:27 Scale Barding Armor
21:52 Husbandry
22:32 Bloodlines
23:23 Forging
25:54 Bow Saw
27:24 Gold Mining
28:21 Wheelbarrow
29:07 Heavy Plow
29:54 Town Watch
30:46 Iron Casting
33:09 Imperial Age
31:46 Chain Barding Armor
35:09 Chemistry
36:04 Plate Barding Armor
38:17 Two-Man Saw
37:37 Light Cavalry
44:11 Elite Battle Elephant
Warrior
6:44 Loom
9:20 Feudal Age
11:05 Double-Bit Axe
11:55 Fletching
15:35 Wheelbarrow
15:34 Town Watch
23:25 Castle Age
24:03 Bodkin Arrow
23:36 Crossbowman
24:09 Horse Collar
24:49 Bow Saw
24:34 Horse Collar
29:45 Hand Cart
30:56 Gold Mining
34:18 Imperial Age
31:53 Padded Archer Armor
33:32 Ballistics
34:44 Masonry
35:06 Thumb Ring
35:22 Leather Archer Armor
35:46 Bracer
37:29 Chemistry
37:55 Arbalester
40:16 Town Patrol
41:07 Forging
41:11 Scale Barding Armor
43:09 Ring Archer Armor
630406632
10:52 Feudal Age
15:13 Castle Age
13:33 Double-Bit Axe
13:46 Horse Collar
16:20 Bow Saw
18:43 Loom
19:10 Arson
20:06 Scale Mail Armor
21:09 Squires
21:53 Forging
23:47 Iron Casting
24:01 Stone Mining
24:08 Gold Mining
25:27 Wheelbarrow
25:32 Chain Mail Armor
25:17 Pikeman
29:16 Heavy Plow
32:38 Imperial Age
30:20 Gambesons
30:42 Fletching
30:24 Man-at-Arms
31:33 Hand Cart
31:49 Bodkin Arrow
32:12 Guard Tower
34:12 Conscription
34:30 Gold Shaft Mining
33:58 Bracer
35:03 Two-Man Saw
35:28 Plate Mail Armor
35:02 Yasama
35:04 Halberdier
37:22 Blast Furnace
36:56 Kataparuto
37:43 Keep
38:10 Chemistry
37:53 Long Swordsman
39:08 Two-Handed Swordsman
39:41 Arrowslits
40:17 Ballistics
40:07 Masonry
41:25 Champion
4Tapping
10:49 Feudal Age
15:33 Castle Age
13:54 Double-Bit Axe
14:13 Horse Collar
18:42 Scale Barding Armor
19:03 Forging
19:49 Bloodlines
21:57 Wheelbarrow
21:11 Loom
25:03 Bow Saw
26:02 Gold Mining
28:25 Iron Casting
29:37 Hand Cart
29:09 Town Watch
30:05 Chain Barding Armor
31:17 Stone Mining
31:51 Husbandry
32:24 Town Patrol
36:54 Imperial Age
34:57 Town Patrol
36:09 Stirrups
37:48 Stone Shaft Mining
37:50 Gold Shaft Mining
36:43 Light Cavalry
38:48 Blast Furnace
38:23 Plate Barding Armor
37:16 Elite Konnik
38:17 Conscription
39:10 Scale Mail Armor
38:33 Hussar
39:17 Pikeman
39:58 Squires
39:43 Arson
40:22 Halberdier
43:08 Heavy Plow
44:27 Caravan
44:57 Coinage
48:21 Chain Mail Armor
The Long Dark
9:46 Feudal Age
11:57 Double-Bit Axe
14:39 Castle Age
28:16 Horse Collar
30:06 Heavy Plow
30:00 Fletching
30:31 Bodkin Arrow
34:37 Bow Saw
36:26 Wheelbarrow
40:05 Imperial Age
39:08 Hand Cart
38:38 Town Watch
39:00 Padded Archer Armor
39:44 Gold Mining
40:42 Leather Archer Armor
41:18 Conscription
41:05 Thumb Ring
42:11 Two-Man Saw
43:16 Chemistry
42:21 Bracer
43:32 Ring Archer Armor
42:48 Elite Skirmisher
44:25 Ballistics
44:53 Stone Mining
45:34 Forging
45:29 Scale Barding Armor
46:11 Crop Rotation
46:38 Treadmill Crane
47:09 Masonry
47:29 Chain Barding Armor
47:45 Iron Casting
48:15 Stone Shaft Mining
I have Gun
10:29 Feudal Age
12:00 Double-Bit Axe
14:42 Castle Age
12:35 Horse Collar
15:46 Bow Saw
18:53 Scale Barding Armor
23:16 Wheelbarrow
23:47 Gold Mining
24:31 Stone Mining
25:19 Hand Cart
27:10 Chain Barding Armor
27:00 Forging
26:52 Husbandry
27:02 Bloodlines
30:10 Iron Casting
32:46 Imperial Age
30:56 Loom
30:56 Town Watch
31:49 Stone Shaft Mining
32:39 Town Patrol
32:55 Fortified Wall
33:05 Ballistics
32:57 Masonry
32:28 Treadmill Crane
32:43 Murder Holes
33:26 Heavy Plow
32:56 Elite Jarl
33:02 Vendel Legacy
35:09 Conscription
36:10 Blast Furnace
36:50 Plate Barding Armor
37:18 Light Cavalry
39:19 Hussar
44:35 Caravan
2067
8:56 Feudal Age
8:37 Double-Bit Axe
8:34 Horse Collar
13:27 Wheelbarrow
14:31 Gold Mining
17:35 Castle Age
18:01 Bow Saw
19:29 Loom
27:37 Heavy Plow
30:48 Imperial Age
28:48 Hand Cart
29:40 Gold Shaft Mining
29:00 Stone Mining
31:19 Forging
31:10 Squires
30:56 Arson
32:35 Iron Casting
34:04 Conscription
34:50 Blast Furnace
33:47 Capped Ram
33:59 Elite Karambit Warrior
34:35 Fletching
36:41 Crop Rotation
36:27 Bodkin Arrow
36:51 Town Watch
36:46 Elite Battle Elephant
37:27 Husbandry
37:33 Scale Barding Armor
38:16 Forced Levy
37:38 Man-at-Arms
40:04 Stone Shaft Mining
41:30 Chemistry
40:36 Siege Engineers
39:56 Long Swordsman
40:58 Two-Handed Swordsman
42:31 Town Patrol
43:43 Bracer
44:05 Ballistics
43:26 Treadmill Crane
43:57 Masonry
43:44 Murder Holes
Connection lost

Rejoining the realm…

Still unreachable

The connection could not be restored.

Session expired

The server has moved on; the page needs a fresh start.